 Dungeon Crawl Stone Soup version 0.28-a0-464-g0687ed57fd (webtiles) character file.

Game seed: 8299889424208667992

101 Aggronaut the Chopper (level 4, -5/40 HPs)
             Began as a Minotaur Berserker on Sept 14, 2021.
             Was a Believer of Trog.
             Killed from afar by an orc wizard (14 damage)
             ... with a puff of flame
             ... on level 3 of the Dungeon.
             The game lasted 00:03:23 (2593 turns).

Aggronaut the Chopper (Minotaur Berserker)          Turns: 2593, Time: 00:03:23

Health: -5/40      AC:  2    Str: 23    XL:     4   Next: 48%
Magic:  3/3        EV: 12    Int:  4    God:    Trog [**....]
Gold:   54         SH:  0    Dex:  9    Spells: 3/3 levels left

rFire   . . .      SeeInvis .   a - +0 hand axe
rCold   . . .      Faith    .   (no shield)
rNeg    . . .      Spirit   .   b - +0 animal skin
rPois   .          Reflect  .   (helmet restricted)
rElec   .          Harm     .   (no cloak)
rCorr   .          Rampage  .   (no gloves)
Will    .....                   (no boots)
Stlth   +.........              (no amulet)
HPRegen 0.13/turn               (no ring)
MPRegen 0.08/turn               (no ring)

@: on berserk cooldown, slowed, very slow
A: horns 2, retaliatory headbutt, hooves 2
a: Renounce Religion, Berserk, Trog's Hand


You were on level 3 of the Dungeon.
You worshipped Trog.
Trog was pleased with you.
You visited 1 branch of the dungeon, and saw 3 of its levels.

You collected 54 gold pieces.

Inventory:

Hand Weapons
 a - a +0 hand axe (weapon)
Missiles
 k - 8 javelins (quivered)
Armour
 b - a +0 animal skin (worn)
Scrolls
 c - a scroll of fog {unknown}
 d - a scroll of amnesia {unknown}
 f - a scroll of noise {unknown}
 g - 2 scrolls of identify {unknown}
 h - 2 scrolls of vulnerability {unknown}
 l - a scroll of immolation {unknown}
Potions
 e - a potion of curing {unknown}
 i - a potion of lignification {unknown}
 j - a potion of brilliance {unknown}


   Skills:
 - Level 3.8 Fighting
 + Level 6.2 Axes
 - Level 2.4 Armour
 - Level 2.2 Dodging


You had 3 spell levels left.
You didn't know any spells.
Your spell library was empty.

Dungeon Overview and Level Annotations

Branches:
Dungeon (3/15)

Altars:
Beogh

Shops:
D:1 :


Innate Abilities, Weirdness & Mutations

You have a pair of horns on your head.
You reflexively headbutt those who attack you in melee.
You have hoof-like feet.


Message History

The orc wizard hits you with a +0 dagger.
You hit the orc wizard but do no damage.
The orc wizard is moderately wounded.
You miss the orc wizard.
The orc wizard gestures wildly while chanting.
The orc wizard flickers and vanishes!
Deactivating autopickup; reactivate with Ctrl-A.
The orc wizard closely misses you. Something hits you.
The orc wizard hits you with a +0 dagger.
Okay, then.
You're too confused to move!
The orc priest misses you. The orc priest barely misses you.
You bump into the rock wall.
You feel less confused.
You barely miss something. You barely miss the orc priest.
The orc priest hits you with a +0 short sword.
You hear some strange, mumbled words.
A puff of flame appears from out of thin air!
The puff of flame misses you.
The orc priest hits you with a +0 short sword.
Something hits you.
It was a potion of mutation.
You feel extremely strange.
Your feet thicken and deform. x2
The orc priest misses you. Something barely misses you.
The orc wizard gestures at you while chanting.
You hit the orc priest. Your kick misses the orc priest.
Your headbutt misses the orc priest.
The orc priest is lightly wounded.
You hit something but do no damage.
You hear the rusting of a distant drain.
The orc priest hits you with a +0 short sword.
You hear some strange, mumbled words.
Something tries to affect you, but you resist.
The orc priest calls down the wrath of Beogh upon you.
Beogh smites you!
* * * LOW HITPOINT WARNING * * *
You hear some strange, mumbled words.
A puff of flame appears from out of thin air!
The puff of flame hits you!
You die...

#...# #######.
######...#
##$_.##.>.# #
#$8.8.#...##.##
#$$$$.#........
#$8.8.#.......#
#.oo##.####...
#{##..# ###
#o.@.## ######


You could see an orc priest.

Vanquished Creatures
  Jessica (D:3)
  3 adders (D:2)
  A worm (D:2)
  2 dart slugs
  3 ball pythons
  A bat (D:2)
  2 endoplasms
  4 giant cockroaches
  4 goblins
  5 hobgoblins
  A quokka (D:2)
  4 frilled lizards
  3 kobolds (D:1)
  6 rats
40 creatures vanquished.

Notes
Turn   | Place    | Note
-------+----------+-------------------------------------------
     0 | D:1      | Aggronaut the Minotaur Berserker began the quest for the
                  | Orb.
     0 | D:1      | Reached XP level 1. HP: 19/19 MP: 0/0
     3 | D:1      | Found a faded altar of an unknown god.
   127 | D:1      | Reached skill level 4 in Axes
   141 | D:1      | Reached XP level 2. HP: 16/27 MP: 1/1
   649 | D:1      | Found Jiric's Book Shoppe.
  1335 | D:2      | Reached XP level 3. HP: 32/33 MP: 2/2
  1366 | D:2      | Reached skill level 5 in Axes
  1754 | D:2      | Reached ** piety under Trog
  2207 | D:2      | Reached XP level 4. HP: 38/40 MP: 3/3
  2544 | D:3      | Noticed Jessica
  2564 | D:3      | Killed Jessica
  2565 | D:3      | Reached skill level 6 in Axes
  2591 | D:3      | Gained mutation: You have large cloven feet. [potion of
                  | mutation]
  2591 | D:3      | Gained mutation: You have hoof-like feet. [potion of
                  | mutation]
  2593 | D:3      | Killed from afar by an orc wizard

Illustrated notes

Levels and vault maps discovered:
D:1:      dpeg_arrival_tiny_c, layout_basic, serial_shops,
          nicolae_lakefront_shop, basic_ecumenical_altar
D:2:      layout_loops_cross
D:3:      layout_loops_ring, gup_sewer_entry_spiral, st_stairs_9,
          kennysheep_orc_chapel, uniq_jessica

Skill      XL: |  1  2  3  4 |
---------------+-------------+-----
Axes           | 4 5 6 |  6.2
Fighting       | |  3.8
Armour         | |  2.4
Dodging        | |  2.2

Action                   |  1- 3 |  4- 6 || total
-------------------------+-------+-------++-------
Melee: Hand axe          |    80 |    17 ||    97
       Headbutt          |    13 |     1 ||    14
Invok: Berserk           |     1 |     1 ||     2
  Use: Potion            |       |     1 ||     1
 Stab: Sleeping          |     1 |       ||     1
       Distracted        |       |     1 ||     1
Armor: Animal skin       |    17 |     4 ||    21
Dodge: Dodged            |    42 |    11 ||    53

Table legend: (Time is in decaauts)
 A = Elapsed time spent in this place.
 B = Non-inter-level travel time spent in this place.
 C = Inter-level travel time spent in this place.
 D = Time resting spent in this place.
 E = Time spent auto-exploring this place.
 F = Levels seen in this place.
 G = Mean time per level.
                   A        B        C        D        E       F      G
               +--------+--------+--------+--------+--------+-----+--------+
         Total |   2615 |   2574 |     41 |    938 |   1250 |   3 |  871.7 |
       Dungeon |   2615 |   2574 |     41 |    938 |   1250 |   3 |  871.7 |
               +--------+--------+--------+--------+--------+-----+--------+

Top non-repeatable levels by time:
     D:2: 1264 daAuts
     D:1: 1199 daAuts
     D:3: 152 daAuts
